[Event "Team 45 45 League T43"]
[Site "Internet Chess Club"]
[Date "2010.01.03"]
[Round "9"]
[White "ElCreyente"]
[Black "SlimeDog2"]
[Result "1/2-1/2"]
[WhiteElo "2294"]
[BlackElo "2192"]
[Opening "English opening"]
[ECO "A30"]
[Time "14:00:48"]
[TimeControl "2700+45"]

1. Nf3 Nf6 2. c4 c5 3. g3 d5 4. cxd5 Nxd5 5. Bg2 Nc6 6. Nc3 Nc7 7. a3 e5 8. b4
f6 9. bxc5 Bxc5 10. O-O Be6 11. Rb1 Rb8 12. d3 O-O 13. Qc2 Qe7 14. Ne4 Bb6 15.
Bb2 Nd5 16. Rbc1 Rbc8 17. Qa4 Bd7 18. Qb3 Be6 19. Qa4 Bd7 20. Qb3 Be6 21. Qa4
Bd7 {Game drawn by repetition} 1/2-1/2

[Event "Team 45 45 League T43"]
[Site "Internet Chess Club"]
[Date "2010.01.05"]
[Round "9"]
[White "trucazzo"]
[Black "adh2050"]
[Result "1-0"]
[WhiteElo "2175"]
[BlackElo "2067"]
[Opening "Queen's Indian: old main line, 6.O-O"]
[ECO "E17"]
[Time "10:16:06"]
[TimeControl "2700+45"]

1. d4 Nf6 2. Nf3 e6 3. g3 b6 4. Bg2 Bb7 5. O-O Be7 6. c4 O-O 7. d5 exd5 8. Nh4
g6 9. cxd5 d6 10. Nc3 Nbd7 11. Nf3 Re8 12. Nd4 a5 13. f4 Bf8 14. f5 Ng4 15. Nc6
Bxc6 16. dxc6 Nc5 17. Nd5 Bg7 18. h3 Ne5 19. f6 Bf8 20. Bg5 Ne6 21. Be3 Nc4 22.
Bf2 Nc5 23. Rc1 Nxb2 24. Qc2 Nba4 25. h4 Rb8 26. h5 Re5 27. Bf3 b5 28. hxg6 hxg6
29. Bd4 Re8 30. Kg2 Ne6 31. Ba1 Nb6 32. Rh1 Nc4 33. Ne7+ Qxe7 34. fxe7 Bg7 35.
Qe4 Rxe7 36. Qh4 f6 37. Rxc4 bxc4 38. Bxf6 Ree8 39. Bd5 Rb5 40. Qh7+ Kf7 41.
Qxg7# {Black checkmated} 1-0

[Event "Team 45 45 League T43"]
[Site "Internet Chess Club"]
[Date "2010.01.01"]
[Round "9"]
[White "Cristina"]
[Black "lluisdp"]
[Result "1-0"]
[WhiteElo "2059"]
[BlackElo "2020"]
[Opening "French: advance, Nimzovich system"]
[ECO "C02"]
[Time "11:00:08"]
[TimeControl "2700+45"]

1. e4 e6 2. d4 d5 3. e5 c5 4. Nf3 Nc6 5. Bd3 Qb6 6. O-O Bd7 7. dxc5 Bxc5 8. Nc3
Qc7 9. Re1 O-O-O 10. Bf4 Nge7 11. a3 Ng6 12. Bg3 Be7 13. Qd2 Kb8 14. h4 Rc8 15.
h5 Nf8 16. Nb5 Qd8 17. b4 h6 18. c4 dxc4 19. Bxc4 Be8 20. Nd6 Bxd6 21. exd6 Nd7
22. Rac1 Ka8 23. Bf4 f6 24. Bxe6 Bxh5 25. g4 Be8 26. b5 Ncb8 27. Rc7 Nb6 28.
Bxc8 Nxc8 29. Qd5 {Black resigns} 1-0

[Event "Team 45 45 League T43"]
[Site "Internet Chess Club"]
[Date "2009.12.31"]
[Round "9"]
[White "check-man"]
[Black "thefranman"]
[Result "1-0"]
[WhiteElo "1549"]
[BlackElo "1482"]
[Opening "Sicilian: closed"]
[ECO "B23"]
[Time "15:00:15"]
[TimeControl "2700+45"]

1. e4 c5 2. Nc3 e6 3. f4 a6 4. Nf3 d6 5. d4 cxd4 6. Nxd4 Nc6 7. Be3 Nf6 8. Qf3
Qc7 9. Qg3 g6 10. Be2 Bg7 11. O-O O-O 12. f5 Nxe4 13. Nxe4 Bxd4 14. Bxd4 Nxd4
15. Bd3 Nxf5 16. Nf6+ Kg7 17. Bxf5 exf5 18. Qh4 Qd8 19. Nh5+ gxh5 20. Qxh5 Qf6
21. c3 Qg6 22. Qh4 Kh8 23. Rf3 Rg8 24. Rg3 Qe6 25. Rh3 Rg7 26. Qd8+ Rg8 27. Qh4
Kg7 28. Re1 Qf6 29. Rg3+ {Black resigns} 1-0

[Event "Team 45 45 League T43"]
[Site "Internet Chess Club"]
[Date "2010.01.03"]
[Round "9"]
[White "scottrugby"]
[Black "juniorVishy"]
[Result "1-0"]
[WhiteElo "1554"]
[BlackElo "1509"]
[Opening "Sicilian: Grand Prix attack"]
[ECO "B23"]
[Time "18:02:56"]
[TimeControl "2700+45"]

1. e4 c5 2. Nc3 Nc6 3. f4 d6 4. Nf3 g6 5. Bb5 Bg7 6. O-O a6 7. Bxc6+ bxc6 8. d3
Bd7 9. Qe1 Qb6 10. Rb1 Qa5 11. a3 Rb8 12. Bd2 Qb6 13. h3 Nf6 14. e5 dxe5 15.
Nxe5 Be6 16. Ne4 Nxe4 17. Qxe4 Bd5 18. Qe2 c4+ 19. Be3 cxd3 20. Nxd3 Qc7 21. f5
O-O 22. Nb4 Qc8 23. fxg6 hxg6 24. Bc5 Re8 25. c3 a5 26. Nxd5 cxd5 27. Ba7 Ra8
28. Qf2 Bf6 29. Bd4 Bxd4 30. Qxd4 Qc4 31. Qxc4 dxc4 32. Rfd1 Rad8 33. Kf2 Kg7
34. Ke3 Kf6 35. Rd4 Rxd4 36. Kxd4 Rc8 37. Rf1+ Kg7 38. Re1 e6 39. Re5 Rb8 40.
Kxc4 Rxb2 41. Rxa5 Rxg2 42. Ra8 Rh2 43. a4 Rxh3 44. a5 Rh4+ 45. Kc5 g5 46. Kb5
g4 47. a6 g3 48. a7 Rh5+ 49. Kb6 Kf6 50. Rg8 Rg5 51. a8=Q g2 52. Qf3+ Rf5 53.
Qxg2 Re5 54. Qg7+ Kf5 55. Rf8 Ke4 56. Rxf7 Rd5 57. Qg4+ Kd3 58. Rf3+ Kc2 59. c4
Rd6+ 60. Kc7 Rd2 61. Qe4+ Kb2 62. Qe3 Rc2 63. Qb3+ Kc1 64. Rf1+ Kd2 65. Rf2+ Kc1
66. Qxc2# {Black checkmated} 1-0

[Event "Team 45 45 League T43"]
[Site "Internet Chess Club"]
[Date "2009.12.31"]
[Round "9"]
[White "zigzag2002"]
[Black "Just-Jim"]
[Result "0-1"]
[WhiteElo "1507"]
[BlackElo "1423"]
[Opening "QGD Slav defense"]
[ECO "D10"]
[Time "12:00:08"]
[TimeControl "2700+45"]

1. d4 d5 2. c4 c6 3. Nc3 Bf5 4. Bf4 Nd7 5. e3 e6 6. Nf3 h6 7. Be2 a6 8. O-O Ngf6
9. Ne5 Nxe5 10. Bxe5 Bd6 11. Bxd6 Qxd6 12. c5 Qd8 13. Qb3 Rb8 14. a4 O-O 15. a5
Nh7 16. Ra4 Qg5 17. Kh1 Qg6 18. Qa3 Bd3 19. Rb4 Bxe2 20. Nxe2 Ng5 21. Ng3 Ne4
22. Nxe4 Qxe4 23. Qb3 Qg6 24. Rxb7 Rxb7 25. Qxb7 Qd3 26. Rg1 Qe2 27. Qxa6 Qxa6
28. Ra1 Rb8 29. h3 Rxb2 30. Kg1 Rb5 31. Kh2 Rxa5 32. Rh1 Ra1 33. Rxa1 Qxa1 34.
Kg3 e5 35. dxe5 Qxe5+ 36. Kf3 Qc3 37. Kf4 Qxc5 38. f3 Qc4+ 39. e4 dxe4 40. fxe4
Qf1+ 41. Ke5 Qxg2 42. Kf4 c5 43. Kf5 c4 44. Ke5 c3 45. Kd6 c2 46. Ke7 c1=Q 47.
Kd7 Qxe4 48. Kd8 Qd1+ 49. Kc7 Qc4+ 50. Kb7 Qb1+ 51. Ka7 Qa4# {White checkmated}
0-1

[Event "Team 45 45 League T43"]
[Site "Internet Chess Club"]
[Date "2010.01.02"]
[Round "9"]
[White "GadsHill"]
[Black "SATELLITE-DAN"]
[Result "0-1"]
[WhiteElo "1509"]
[BlackElo "1573"]
[Opening "QGD: exchange, positional line"]
[ECO "D35"]
[Time "16:00:53"]
[TimeControl "2700+45"]

1. d4 Nf6 2. c4 e6 3. Nc3 d5 4. cxd5 exd5 5. Bg5 Be7 6. e3 O-O 7. Qc2 c6 8. Bd3
Nbd7 9. Nf3 Re8 10. O-O h6 11. Bf4 Nh5 12. a3 Nxf4 13. exf4 Bd6 14. Ne5 Nf6 15.
Rfe1 Qb6 16. Rad1 Bg4 17. Rd2 Rac8 18. h3 Be6 19. Na4 Qc7 20. Nc5 Bxc5 21. dxc5
Nh5 22. Bh7+ Kh8 23. Ng6+ fxg6 24. Bxg6 Bf7 25. Rxe8+ Rxe8 26. Bxf7 {White
resigns} 0-1

[Event "Team 45 45 League T43"]
[Site "Internet Chess Club"]
[Date "2010.01.04"]
[Round "9"]
[White "kingphisch"]
[Black "sdcohle"]
[Result "0-1"]
[WhiteElo "1497"]
[BlackElo "1406"]
[Opening "Four knights: Italian variation"]
[ECO "C47"]
[Time "22:33:55"]
[TimeControl "2700+45"]

1. e4 Nf6 2. Nc3 e5 3. Nf3 Nc6 4. Bc4 Be7 5. d3 O-O 6. O-O Na5 7. Bb3 Nxb3 8.
axb3 b6 9. Nxe5 Bb7 10. Be3 d5 11. exd5 Nxd5 12. Ne4 Re8 13. Ng4 f5 14. Nd2 fxg4
15. Qxg4 Nf6 16. Qc4+ Qd5 17. Qxd5+ Nxd5 18. Nf3 Nxe3 19. fxe3 Bf6 20. e4 Bxb2
21. Rad1 Rad8 22. Nh4 c5 23. Nf5 g6 24. Nh6+ Kg7 25. Ng4 Bc8 26. Nf2 Bd4 27. Kh1
Rf8 28. Nh3 Rxf1+ 29. Rxf1 Bxh3 30. gxh3 Rf8 31. Rxf8 Kxf8 32. Kg2 a5 33. Kf3
Kf7 34. Kg4 Be5 35. Kf3 Kf6 36. Kg2 h5 37. h4 g5 38. hxg5+ Kxg5 39. h3 h4 40.
Kf3 Bf4 41. c3 Be5 42. c4 Bd4 43. Kg2 Kf4 44. Kh1 Ke3 45. Kg2 Kf4 46. Kh1 Kf3
47. Kh2 Be5+ 48. Kh1 Ke3 49. Kg2 Bf4 50. Kf1 Kxd3 51. Kf2 Kxe4 52. Ke2 Bg3 53.
Kf1 Kd3 54. Kg2 Kc3 55. Kf3 Kxb3 56. Ke2 Kxc4 57. Kd1 Kb3 58. Kc1 c4 59. Kb1 c3
60. Kc1 c2 61. Kd2 Kb2 62. Kd3 c1=Q 63. Ke4 a4 64. Kd5 a3 65. Ke4 a2 66. Kd3
a1=R 67. Ke2 Ra4 68. Kf3 Qc3+ 69. Ke2 Re4+ 70. Kf1 Qf3+ 71. Kg1 Re1# {White
checkmated} 0-1

[Event "Team 45 45 League T43"]
[Site "Internet Chess Club"]
[Date "2010.01.03"]
[Round "9"]
[White "TroyO"]
[Black "dpmdpm"]
[Result "1/2-1/2"]
[WhiteElo "1346"]
[BlackElo "1346"]
[Opening "Sicilian: Alapin's variation (2.c3)"]
[ECO "B22"]
[Time "13:02:16"]
[TimeControl "2700+45"]

1. e4 c5 2. c3 d6 3. d4 cxd4 4. cxd4 e6 5. Nc3 Nf6 6. Nf3 Be7 7. Bd3 d5 8. exd5
exd5 9. O-O O-O 10. Re1 Nc6 11. h3 Be6 12. Ng5 Qd7 13. Nxe6 fxe6 14. Be3 Bd6 15.
Nb5 Be7 16. Qa4 Nb4 17. Qd1 a6 18. Nc3 Nxd3 19. Qxd3 Rad8 20. Ne2 Qc7 21. Nf4
Qd6 22. Bd2 Ne4 23. Ba5 Rc8 24. f3 Rxf4 25. fxe4 dxe4 26. Rxe4 Rxe4 27. Qxe4 Qd5
28. Qxd5 exd5 29. Bc3 b6 30. Re1 Kf7 31. Re5 Rd8 32. Kf2 Bf6 33. Re2 a5 34. a4
Rd6 35. Kf3 Re6 36. Rxe6 Kxe6 {Game drawn by mutual agreement} 1/2-1/2

[Event "Team 45 45 League T43"]
[Site "Internet Chess Club"]
[Date "2010.01.04"]
[Round "9"]
[White "otib2006"]
[Black "wrimle"]
[Result "0-1"]
[WhiteElo "1358"]
[BlackElo "1513"]
[Opening "Dutch"]
[ECO "A80"]
[Time "16:00:43"]
[TimeControl "2700+45"]

1. d4 f5 2. Nf3 Nf6 3. e3 g6 4. Bd3 Bg7 5. O-O O-O 6. Nbd2 d6 7. c4 Qe8 8. b3 e5
9. dxe5 Ng4 10. h3 Nxe5 11. Nxe5 Bxe5 12. Rb1 a5 13. Bb2 Na6 14. Nf3 Bxb2 15.
Rxb2 Nc5 16. Bb1 b6 17. Qd5+ Be6 18. Qd1 Qe7 19. Re1 Ne4 20. Bxe4 fxe4 21. Nd4
Bd7 22. Nb5 Bc6 23. Nd4 Qe5 24. Ree2 Bd7 25. Nb5 Qg5 26. Kh2 Rf3 27. gxf3 exf3
28. Qg1 Qe5+ 29. Qg3 Qxg3+ 30. Kxg3 fxe2 31. Rxe2 Bxb5 32. cxb5 Re8 33. Rc2 Re7
34. Rc3 Kf7 35. Kf4 h6 36. e4 Ke6 37. Re3 Rf7+ 38. Kg3 Ke5 39. Rf3 Rxf3+ 40.
Kxf3 Kd4 41. Kf4 Kc3 42. e5 dxe5+ 43. Kxe5 Kb2 44. Kd5 Kxa2 45. Kc6 Kxb3 46.
Kxc7 a4 47. Kxb6 a3 48. Kc6 a2 49. b6 a1=Q 50. b7 Qa7 51. Kc7 Kb4 52. Kc8 Qc5+
53. Kb8 Kb5 54. Ka8 Qa3+ 55. Kb8 Kb6 56. Kc8 Qf8+ 57. Kd7 Qb8 58. Ke6 Qxb7 59.
Kf6 Qc6+ 60. Kg7 g5 61. f3 Kc7 62. Kf7 Kd7 63. f4 gxf4 64. h4 Qe6+ 65. Kg7
{White resigns} 0-1